 Dungeon Crawl Stone Soup version 0.17-a0-1020-ge683cc4 (console) character file.

238 Monkaria the Slasher (level 5, 0/42 HPs)
             Began as a Demonspawn Chaos Knight on May 14, 2015.
             Succumbed to an adder's poison
             ... on level 4 of the Dungeon.
             The game lasted 00:03:49 (2437 turns).

Monkaria the Slasher (Demonspawn Chaos Knight)      Turns: 2437, Time: 00:03:49

Health: 0/42       AC:  6    Str: 13      XL:     5   Next: 78%
Magic:  5/5        EV: 11    Int: 13 (14) God:    Xom [...*..]
Gold:   191        SH:  0    Dex: 12      Spells: 0 memorised, 4 levels left

rFire  . . .     SeeInvis .     a - +0 falchion (chaos)
rCold  + + .     Clarity  .     b - +2 leather armour
rNeg   . . .     SustAb   .     (no shield)
rPois  .         Gourm    .     l - +1 hat
rElec  .         Spirit   .     (no cloak)
rCorr  .         Warding  .     (no gloves)
rMut   .         Stasis   .     (no boots)
MR     .....                    (no amulet)
Stlth  +.........               (no ring)
                                (no ring)

@: lethally poisoned (0 -> -12), not resistant to hostile enchantments, very
unstealthy
A: cold resistance 2, deterioration 1, powered by pain 2
a: Renounce Religion


You were on level 4 of the Dungeon.
You worshipped Xom.
You were a favourite toy of Xom.
You were not hungry.

You visited 1 branch of the dungeon, and saw 4 of its levels.

You collected 191 gold pieces.

Inventory:

Hand weapons
 a - a +0 falchion of chaos (weapon)
Armour
 b - a +2 leather armour (worn)
 l - a +1 hat (worn)
 r - a +1 leather armour of cold resistance
Scrolls
 d - 4 scrolls of remove curse {unknown}
 g - a scroll of random uselessness {unknown}
 i - 2 scrolls of identify {unknown}
 k - a scroll of amnesia {unknown}
 n - a scroll of enchant weapon {unknown}
 o - 2 scrolls of fog {unknown}
Potions
 e - 2 potions of flight {unknown}
 h - 2 potions of heal wounds
 p - a potion of curing {unknown}
 q - a potion of lignification {unknown}
 s - a potion of haste {unknown}
Comestibles
 c - 3 bread rations
 f - 11 fruits
 j - a royal jelly
 m - a chunk of flesh


   Skills:
 - Level 4.0 Fighting
 - Level 5.0 Long Blades
 + Level 2.5 Armour
 - Level 0.8 Dodging


You had 4 spell levels left.
You didn't know any spells.

Dungeon Overview and Level Annotations

Branches:
Dungeon (4/15)
 Temple: D:4-7

Altars:
Nemelex Xobeh
Xom
Zin


Innate Abilities, Weirdness & Mutations

You sometimes gain power by taking damage.
Your flesh is very cold resistant.
Your body sometimes deteriorates upon taking damage.


Message History

You are more poisoned.
Something poisons you! Something bites you but does no damage.
You barely miss something.
* * * LOW HITPOINT WARNING * * *
You feel sick. Something bites you.
* * * LOW HITPOINT WARNING * * *
You completely miss something.
* * * LOW HITPOINT WARNING * * *
You feel sick. Something bites you.
* * * LOW HITPOINT WARNING * * *
You completely miss something.
* * * LOW HITPOINT WARNING * * *
You feel sick. Something bites you but does no damage.
Something bites you but does no damage.
You miss something.
* * * LOW HITPOINT WARNING * * *
You feel sick. Something barely misses you.
You barely miss something.
You die...
Xom howls with laughter!

................
......♣........# .
...............+ ..
###.....###...# ...
#..#...#..##..# ....
..
#...#...#..###.....
< #...##.>####.....#
+....####+.{.....+
####+#....#@#.....#
..........##.##...##
..........'...#...#
..........#...+ ..+
..........##+## ..#
#####+#.... .)
#..... ... +......
#......


There were no monsters in sight!

Vanquished Creatures
  2 orc wizards (D:3)
  Ijyb (D:2)
  A worker ant (D:4)
  4 adders
  An ooze (D:2)
  2 worms (D:2)
  2 giant geckos
  7 orcs (D:3)
  A bat (shapeshifter) (D:1)
  A bat skeleton (D:4)
  3 giant cockroaches
  6 hobgoblins
  8 jackals
  11 kobolds
  A quokka (D:2)
  2 ball pythons
  2 bats (D:1)
  6 giant newts
  9 goblins
  7 rats
77 creatures vanquished.

Notes
Turn   | Place    | Note
--------------------------------------------------------------
     0 | D:1      | Monkaria the Demonspawn Chaos Knight began the quest for the Orb.
     0 | D:1      | Reached XP level 1. HP: 18/18 MP: 1/1
    11 | D:1      | XOM: divination: magic mapping
   150 | D:1      | Gained mutation: You sometimes gain a little power by taking damage. [demonic ancestry]
   150 | D:1      | Reached XP level 2. HP: 13/24 MP: 2/2
   265 | D:1      | Gained mutation: Your flesh is cold resistant. [mutagenic meat]
   266 | D:1      | Gained mutation: Your body sometimes deteriorates upon taking damage. [mutagenic meat]
   268 | D:1      | Gained mutation: Your flesh is very cold resistant. [mutagenic meat]
   348 | D:1      | Reached skill level 4 in Fighting
   654 | D:2      | Gained mutation: You sometimes gain power by taking damage. [demonic ancestry]
   654 | D:2      | Reached XP level 3. HP: 24/30 MP: 3/3
   891 | D:2      | XOM: divination: detect creatures
   898 | D:2      | Found a sparkling altar of Nemelex Xobeh.
   913 | D:2      | Noticed Ijyb
   919 | D:2      | XOM: harmless Pois miscast
   942 | D:2      | Killed Ijyb
   942 | D:2      | Reached XP level 4. HP: 24/37 MP: 4/4
  1153 | D:2      | XOM: harmless Conj miscast
  1447 | D:3      | Reached XP level 5. HP: 23/42 MP: 5/5
  1664 | D:3      | Reached skill level 5 in Long Blades
  1691 | D:3      | Found a shimmering altar of Xom.
  1692 | D:3      | Noticed an angel
  1717 | D:3      | Found a glowing silver altar of Zin.
  1994 | D:3      | XOM: noise
  2435 | D:4      | HP: 1/42 [poisoned by an adder]
  2437 | D:4      | Succumbed to an adder's poison

Vault maps used:
D:1:      zaba_arrival_water, minmay_quantized
D:2:      nemelex_xobeh_ov_fountains_minmay, uniq_iyjb
D:3:      grunt_temple_overflow_order_and_chaos_1
D:4:      overflow_temple_1_default, grunt_ministairs_6

Action                   |  1- 3 |  4- 6 || total
-------------------------+-------+-------++-------
Melee: Falchion          |   131 |   161 ||   292
  Use: Potion            |       |     1 ||     1
 Stab: Paralysed         |     2 |       ||     2
       Sleeping          |       |     2 ||     2
  Eat: Chunk             |     4 |     5 ||     9
